 Dungeon Crawl Stone Soup version 0.28.0-47-ge53b351184 (webtiles) character file.

Game seed: 4018802283600445246

4 joe1234567 the Caller (level 1, 0/13 HPs)
             Began as a Demonspawn Summoner on May 7, 2022.
             Frozen to death by an endoplasm (3 damage)
             ... on level 1 of the Dungeon.
             The game lasted 00:00:48 (137 turns).

joe1234567 the Caller (Demonspawn Summoner)          Turns: 137, Time: 00:00:50

Health: 0/13       AC:  3    Str:  8    XL:     1   Next: 58%
Magic:  2/3        EV: 11    Int: 16    God:
Gold:   0          SH:  0    Dex: 13    Spells: 3/4 levels left

rFire   . . .      SeeInvis .   b - +0 mace
rCold   . . .      Faith    .   (no shield)
rNeg    . . .      Spirit   .   d - +0 leather armour
rPois   .          Reflect  .   (no helmet)
rElec   .          Harm     .   (no cloak)
rCorr   .          Rampage  .   (no gloves)
Will    .....                   (no boots)
Stlth   ++........              (no amulet)
HPRegen 0.04/turn               (no ring)
MPRegen 0.08/turn               (no ring)

@: no status effects
A: no striking features
a: no special abilities


You were on level 1 of the Dungeon.
You visited 1 branch of the dungeon, and saw 1 of its levels.

Inventory:

Hand Weapons
 b - a +0 mace (weapon)
Armour
 a - a +0 robe
 d - a +0 leather armour (worn)
Scrolls
 c - a scroll of fog {unknown}


   Skills:
 + Level 0.3 Maces & Flails
 + Level 1.7 Dodging
 + Level 1.7 Stealth
 + Level 2.0 Spellcasting
 + Level 4.1 Summonings


You had 3 spell levels left.
You knew the following spells:

 Your Spells              Type           Power      Damage    Failure   Level
a - Summon Small Mammal   Summ           56%        N/A       5%          1

Your spell library contained the following spells:

 Spells                   Type           Power      Damage    Failure   Level
 Call Imp                 Summ           14%        N/A       9%          2
 Call Canine Familiar     Summ           14%        N/A       16%         3
 Summon Guardian Golem    Hex/Summ       8%         N/A       36%         3
 Summon Lightning Spire   Summ/Air       8%         N/A       77%         4


Dungeon Overview and Level Annotations

Branches:
Dungeon (1/15)

Altars:


Message History

A quokka comes into view.
The kobold throws a stone.
The stone hits you.
The kobold throws a stone.
The stone barely misses you.
An endoplasm comes into view.
The endoplasm quivers.
The kobold throws a stone.
The stone hits you but does no damage.
The quokka twitches its whiskers.
The kobold throws a stone.
The stone misses you.
A giant cockroach comes into view.
You hit the kobold.
You kill the kobold!
The kobold hits you with a +0 club. The kobold hits you with a +0 club.
The quokka barely misses you.
Things that are here:
a +0 short sword; 4 stones; a kobold corpse The quokka bites you.
The kobold barely misses you.
You hit the kobold.
You kill the kobold!
The quokka bites you but does no damage.
Your bat closely misses the quokka.
The quokka barely misses you. The endoplasm freezes you.
You are frozen.
The quokka bites you but does no damage.
Your bat misses the quokka.
The endoplasm hits you but does no damage.
You see here a +0 club.
The quokka barely misses you.
Your bat misses the quokka. The quokka closely misses you.
Your bat hits the quokka but does no damage.
The quokka barely misses you. The endoplasm freezes you.
You are frozen.
* * * LOW HITPOINT WARNING * * *
You hit the quokka.
The quokka is heavily wounded.
Your bat closely misses the quokka.
Your bat misses the quokka. The quokka barely misses you.
The endoplasm freezes you.
You are frozen.
You die...

...........#
...........##
............#
.....#......#
............#
#........##
.###....).b..#
........JrB..#...
#.##.....@.......
.................
#.###............
####+#### #............
##PP#.#PP#####.#........
#P..#.#≈≈P###..###.###.#
P.P.#.#≈≈≈P##..# ... .
P...#.#≈≈≈≈P#..# P#.#
P...#.#≈≈≈≈P#..# ..


You could see an endoplasm, a quokka (ally target), a giant cockroach and a
friendly bat (summoned).

Vanquished Creatures
  2 kobolds (D:1)
  A bat (D:1)
  2 rats (D:1)
5 creatures vanquished.

Notes
Turn   | Place    | Note
-------+----------+-------------------------------------------
     0 | D:1      | joe1234567 the Demonspawn Summoner began the quest for the
                  | Orb.
     0 | D:1      | Reached XP level 1. HP: 13/13 MP: 3/3
   137 | D:1      | Frozen to death by an endoplasm

Illustrated notes

Levels and vault maps discovered:
D:1:      psy_arrival_terrarium, layout_basic,
          shapermc_ecumenical_altar_mp_urbaneastern

Action                   || total
-------------------------++-------
Melee: Mace              ||    10
       Unarmed           ||     6
 Cast: Summon Small Mamm ||     2
Armor: Robe              ||     4
       Leather armour    ||     4
Dodge: Dodged            ||    27
